SR
STATEN ISLAND PIZZA RATS @ FRANKLIN FIRE
07/27/2034
 
TOP OF THE 1ST
Staten Island Pizza Rats batting - Pitching for Franklin Fire : LHP Lex Janssen
Pitching: LHP Lex Janssen
Batting: RHB Curt Rovira 0-0: Ball
1-0: Ball
2-0: Foul Ball, location: 2F
2-1: Called Strike
2-2: Foul Ball, location: 2F
2-2: Strikes out swinging
Batting: RHB Albert McBride 0-0: Ball
1-0: Ball
2-0: Ball
3-0: Base on Balls
Batting: LHB Ismael Soto 0-0: Fly out, F8 (Flyball, 8RD)
Batting: LHB Tony Rincón 0-0: Called Strike
0-1: Swinging Strike
0-2: Ball
1-2: Strikes out swinging
Top of the 1st over - 0 runs, 0 hits, 0 errors, 1 left on base; Staten Island 0 - Franklin 0
BOTTOM OF THE 1ST
Franklin Fire batting - Pitching for Staten Island Pizza Rats : RHP Dong-min Kim
Pitching: RHP Dong-min Kim
Batting: LHB Rick Newell 0-0: Ground out 4-3 (Groundball, 4)
Batting: RHB Ricardo Cardona 0-0: Called Strike
0-1: Swinging Strike
0-2: Strikes out swinging, 2-3 out at first.
Batting: LHB Ánibal Leobardo 0-0: Foul Ball, location: 2F
0-1: Ball
1-1: SINGLE (Flyball, 89M)
Batting: SHB Govaart Baars 0-0: Foul Ball, location: 2F
0-1: Ball
1-1: Ball
2-1: Swinging Strike
2-2: Strikes out swinging
Bottom of the 1st over - 0 runs, 1 hit, 0 errors, 1 left on base; Staten Island 0 - Franklin 0
TOP OF THE 2ND
Staten Island Pizza Rats batting - Pitching for Franklin Fire : LHP Lex Janssen
Batting: RHB Brock Waxley 0-0: Ball
1-0: Called Strike
1-1: Swinging Strike
1-2: Ball
2-2: Ball
3-2: Strikes out swinging
Batting: LHB Wilson Sabadodíaz 0-0: Foul Ball, location: 2F
0-1: Called Strike
0-2: Ball
1-2: Ball
2-2: Ball
3-2: Ground out 5-3 (Groundball, 56)
Batting: RHB Jack Lynch 0-0: Called Strike
0-1: Swinging Strike
0-2: Strikes out swinging
Top of the 2nd over - 0 runs, 0 hits, 0 errors, 0 left on base; Staten Island 0 - Franklin 0
BOTTOM OF THE 2ND
Franklin Fire batting - Pitching for Staten Island Pizza Rats : RHP Dong-min Kim
Batting: RHB Richard Theunen 0-0: Ball
1-0: Called Strike
1-1: Ball
2-1: Swinging Strike
2-2: Strikes out swinging
Batting: LHB Kent Maxwell 0-0: Foul Ball, location: 2F
0-1: Called Strike
0-2: SOLO HOME RUN (Flyball, 9LD), Distance : 356 ft
Batting: LHB Tareef Ashraf 0-0: Ball
1-0: Swinging Strike
1-1: Ball
2-1: Swinging Strike
2-2: Ball
3-2: Base on Balls
Batting: RHB John Billings 0-0: Foul Ball, location: 2F
0-1: Ball
1-1: Foul Ball, location: 2F
1-2: Strikes out swinging
Batting: RHB Rubén Plumey 0-0: Fly out, F7 (Flyball, 78D)
Bottom of the 2nd over - 1 run, 1 hit, 0 errors, 1 left on base; Staten Island 0 - Franklin 1
TOP OF THE 3RD
Staten Island Pizza Rats batting - Pitching for Franklin Fire : LHP Lex Janssen
Batting: RHB Jorge Japón 0-0: Ball
1-0: Ball
2-0: Foul Ball, location: 2F
2-1: Foul Ball, location: 2F
2-2: Foul Ball, location: 2F
2-2: Ball
3-2: Fly out, F5 (Line Drive, 6)
Batting: LHB Carlos Sánchez 0-0: Called Strike
0-1: Ball
1-1: Swinging Strike
1-2: Ball
2-2: Strikes out swinging
Batting: RHB Curt Rovira 0-0: Ball
1-0: Ground out 5-3 (Groundball, 5S)
Top of the 3rd over - 0 runs, 0 hits, 0 errors, 0 left on base; Staten Island 0 - Franklin 1
BOTTOM OF THE 3RD
Franklin Fire batting - Pitching for Staten Island Pizza Rats : RHP Dong-min Kim
Batting: LHB Rick Newell 0-0: Ball
1-0: Called Strike
1-1: Ball
2-1: Called Strike
2-2: Foul Ball, location: 2F
2-2: Ball
3-2: Fly out, F7 (Flyball, 78M)
Batting: RHB Ricardo Cardona 0-0: Fly out, F8 (Flyball, 78M)
Batting: LHB Ánibal Leobardo 0-0: Ball
1-0: Fly out, F7 (Flyball, 78S)
Bottom of the 3rd over - 0 runs, 0 hits, 0 errors, 0 left on base; Staten Island 0 - Franklin 1
TOP OF THE 4TH
Staten Island Pizza Rats batting - Pitching for Franklin Fire : LHP Lex Janssen
Batting: RHB Albert McBride 0-0: Foul Ball, location: 2F
0-1: Ball
1-1: Ball
2-1: Foul Ball, location: 2F
2-2: Strikes out looking
Batting: LHB Ismael Soto 0-0: Ball
1-0: Ball
2-0: SINGLE (Flyball, 6MD)
Batting: LHB Tony Rincón 0-0: Ball
1-0: Swinging Strike
1-1: Called Strike
1-2: SINGLE (Line Drive, 89S)
Ismael Soto to second
Batting: RHB Brock Waxley 0-0: Called Strike
0-1: Swinging Strike
0-2: Ball
1-2: Strikes out swinging
Batting: LHB Wilson Sabadodíaz 0-0: Called Strike
0-1: Ball
1-1: Fly out, F7 (Flyball, 7)
Top of the 4th over - 0 runs, 2 hits, 0 errors, 2 left on base; Staten Island 0 - Franklin 1
BOTTOM OF THE 4TH
Franklin Fire batting - Pitching for Staten Island Pizza Rats : RHP Dong-min Kim
Batting: SHB Govaart Baars 0-0: Foul Ball, location: 2F
0-1: Ball
1-1: Foul Ball, location: 2F
1-2: Foul Ball, location: 2F
1-2: Hit by Pitch
Batting: RHB Richard Theunen 0-0: Foul Ball, location: 2F
0-1: Ball
1-1: Ball
2-1: Foul Ball, location: 2F
2-2: Ball
3-2: Reached on error, E4 (Groundball, 4)
Govaart Baars to second
Batting: LHB Kent Maxwell 0-0: Foul Ball, location: 2F
0-1: Fly out, F9 (Flyball, 9LS)
Batting: LHB Tareef Ashraf 0-0: Grounds into double play, 4-6-3 (Groundball, 4)
Bottom of the 4th over - 0 runs, 0 hits, 1 error, 1 left on base; Staten Island 0 - Franklin 1
TOP OF THE 5TH
Staten Island Pizza Rats batting - Pitching for Franklin Fire : LHP Lex Janssen
Batting: RHB Jack Lynch 0-0: Ball
1-0: Ball
2-0: Foul Ball, location: 2F
2-1: Called Strike
2-2: Foul Ball, location: 2F
2-2: Ball
3-2: Base on Balls
Batting: RHB Jorge Japón 0-0: Ball
1-0: Sac Bunt - play at first, batter OUT! 1-4
Jack Lynch to second
Batting: LHB Carlos Sánchez 0-0: Swinging Strike
0-1: Ball
1-1: Called Strike
1-2: Ball
2-2: Ball
3-2: Strikes out swinging
Batting: RHB Curt Rovira 0-0: Foul Ball, location: 2F
0-1: Ball
1-1: Ball
2-1: Foul Ball, location: 2F
2-2: Ball
3-2: Hit by Pitch
Batting: RHB Albert McBride 0-0: Called Strike
0-1: Ball
1-1: Foul Ball, location: 2F
1-2: Ball
2-2: Ball
3-2: SINGLE (Groundball, 4MD)
Jack Lynch to third
Curt Rovira to second
Jack Lynch scores
Curt Rovira to third
Batting: LHB Ismael Soto 0-0: Ground out 4-3 (Groundball, 34D)
Top of the 5th over - 1 run, 1 hit, 0 errors, 2 left on base; Staten Island 1 - Franklin 1
BOTTOM OF THE 5TH
Franklin Fire batting - Pitching for Staten Island Pizza Rats : RHP Dong-min Kim
Batting: RHB John Billings 0-0: Ball
1-0: Ground out 4-3 (Groundball, 4)
Batting: RHB Rubén Plumey 0-0: Hit by Pitch
Batting: LHB Rick Newell 0-0: Called Strike
0-1: Ball
1-1: Fielders Choice at 2nd, 4-6 (Groundball, 4D)
Batting: RHB Ricardo Cardona 0-0: Ball
1-0: Foul Ball, location: 2F
1-1: Foul Ball, location: 2F
1-2: Ball
2-2: Ball
3-2: Base on Balls
Rick Newell to second
Batting: LHB Ánibal Leobardo 0-0: Ball
1-0: Called Strike
1-1: Ball
2-1: Ball
3-1: Foul Ball, location: 2F
3-2: Base on Balls
Rick Newell to third
Ricardo Cardona to second
Batting: SHB Govaart Baars 0-0: Foul Ball, location: 2F
0-1: Fly out, F9 (Flyball, 9LS)
Bottom of the 5th over - 0 runs, 0 hits, 0 errors, 3 left on base; Staten Island 1 - Franklin 1
TOP OF THE 6TH
Staten Island Pizza Rats batting - Pitching for Franklin Fire : LHP Lex Janssen
Batting: LHB Tony Rincón 0-0: Called Strike
0-1: Foul Ball, location: 2F
0-2: Ball
1-2: Ball
2-2: Ball
3-2: Strikes out swinging
Batting: RHB Brock Waxley 0-0: Ball
1-0: Called Strike
1-1: Ball
2-1: Ball
3-1: Swinging Strike
3-2: Strikes out swinging
Batting: LHB Wilson Sabadodíaz 0-0: Ball
1-0: DOUBLE (Line Drive, 9LM)
Batting: RHB Jack Lynch 0-0: Foul Ball, location: 2F
0-1: Ball
1-1: Foul Ball, location: 2F
1-2: Ball
2-2: Ground out 6-3 (Groundball, 6)
Top of the 6th over - 0 runs, 1 hit, 0 errors, 1 left on base; Staten Island 1 - Franklin 1
BOTTOM OF THE 6TH
Franklin Fire batting - Pitching for Staten Island Pizza Rats : RHP Dong-min Kim
Batting: RHB Richard Theunen 0-0: SINGLE (Flyball, 89S)
Batting: LHB Kent Maxwell 0-0: Ball
Richard Theunen steals 2nd base
1-0: Intentional Walk
Batting: LHB Tareef Ashraf 0-0: Ball
1-0: Sac Bunt - play at third, runner OUT -> throw to first, DP!
Kent Maxwell to second
Batting: RHB John Billings 0-0: Bunt for hit - play at first, batter safe!
Batting: RHB Rubén Plumey 0-0: Ball
1-0: Fly out, F5 (Popup, 5SF)
Bottom of the 6th over - 0 runs, 2 hits, 0 errors, 2 left on base; Staten Island 1 - Franklin 1
TOP OF THE 7TH
Staten Island Pizza Rats batting - Pitching for Franklin Fire : LHP Lex Janssen
Batting: RHB Jorge Japón 0-0: Ball
1-0: Foul Ball, location: 2F
1-1: Foul Ball, location: 2F
1-2: Foul Ball, location: 2F
1-2: Ball
2-2: Ball
3-2: Base on Balls
Pitching: RHP Rich Young
Batting: LHB Carlos Sánchez 0-0: Ball
1-0: Ball
2-0: Foul Ball, location: 2F
2-1: Called Strike
2-2: Foul Ball, location: 2F
2-2: SINGLE (Flyball, 9LM)
Jorge Japón to second
Batting: RHB Curt Rovira 0-0: Bunt missed!
0-1: Sac Bunt - play at third, runner OUT! 1-5
Carlos Sánchez to second
Pinch Hitting: LHB Kahutea Eperaima 0-0: Called Strike
0-1: Ball
1-1: Ball
2-1: Grounds into double play, 6-4-3 (Groundball, 6)
Top of the 7th over - 0 runs, 1 hit, 0 errors, 1 left on base; Staten Island 1 - Franklin 1
BOTTOM OF THE 7TH
Franklin Fire batting - Pitching for Staten Island Pizza Rats : RHP Dong-min Kim
Now in LF: Kahutea Eperaima
Batting: LHB Rick Newell 0-0: Ground out 6-3 (Groundball, 6M)
Batting: RHB Ricardo Cardona 0-0: Ball
1-0: Ball
2-0: Fly out, F6 (Line Drive, 6M)
Batting: LHB Ánibal Leobardo 0-0: Foul Ball, location: 2F
0-1: Foul Ball, location: 2F
0-2: Reached on error, E8 (Line Drive, 8LD)
Batting: SHB Govaart Baars 0-0: Ball
Wild Pitch!
Ánibal Leobardo to third
1-0: Ball
2-0: SINGLE (Line Drive, 4D)
Ánibal Leobardo scores
Batting: RHB Richard Theunen 0-0: Ball
1-0: Called Strike
1-1: Ball
2-1: DOUBLE (Line Drive, 78M)
Govaart Baars to third
Runner from 3rd tries for Home, SAFE, no throw
Batting: LHB Kent Maxwell 0-0: Swinging Strike
0-1: Foul Ball, location: 2F
0-2: Strikes out swinging
Bottom of the 7th over - 2 runs, 2 hits, 1 error, 1 left on base; Staten Island 1 - Franklin 3
TOP OF THE 8TH
Staten Island Pizza Rats batting - Pitching for Franklin Fire : RHP Rich Young
Batting: LHB Ismael Soto 0-0: Fly out, F7 (Flyball, 7D)
Batting: LHB Tony Rincón 0-0: Called Strike
0-1: Foul Ball, location: 2F
0-2: Ball
1-2: Ball
2-2: SOLO HOME RUN (Line Drive, 9LD), Distance : 348 ft
Batting: RHB Brock Waxley 0-0: Called Strike
0-1: Foul Ball, location: 2F
0-2: Ball
1-2: Foul Ball, location: 2F
1-2: Ball
2-2: Ball
3-2: Strikes out swinging
Batting: LHB Wilson Sabadodíaz 0-0: Ball
1-0: Foul Ball, location: 2F
1-1: Ball
2-1: Ball
3-1: Base on Balls
Batting: RHB Jack Lynch 0-0: Called Strike
0-1: Called Strike
0-2: Ball
Wild Pitch!
Wilson Sabadodíaz to second
1-2: Ground out 6-3 (Groundball, 6M)
Top of the 8th over - 1 run, 1 hit, 0 errors, 1 left on base; Staten Island 2 - Franklin 3
BOTTOM OF THE 8TH
Franklin Fire batting - Pitching for Staten Island Pizza Rats : RHP Dong-min Kim
Batting: LHB Tareef Ashraf 0-0: Called Strike
0-1: Ball
1-1: Fly out, F8 (Flyball, 89D)
Batting: RHB John Billings 0-0: Called Strike
0-1: Foul Ball, location: 2F
0-2: Ball
1-2: Fly out, F5 (Line Drive, 56S)
Batting: RHB Rubén Plumey 0-0: Ball
1-0: Ball
2-0: Ball
3-0: Base on Balls
Pitching: RHP Pi-ao Shu
Batting: LHB Rick Newell 0-0: Ball
1-0: Ball
2-0: Called Strike
2-1: Swinging Strike
2-2: 2-RUN HOME RUN (Flyball, 9D), Distance : 357 ft
Batting: RHB Ricardo Cardona 0-0: Ball
1-0: Foul Ball, location: 2F
1-1: Foul Ball, location: 2F
1-2: Strikes out swinging
Bottom of the 8th over - 2 runs, 1 hit, 0 errors, 0 left on base; Staten Island 2 - Franklin 5
TOP OF THE 9TH
Staten Island Pizza Rats batting - Pitching for Franklin Fire : RHP Rich Young
Batting: RHB Jorge Japón 0-0: Called Strike
0-1: Ball
1-1: Foul Ball, location: 2F
1-2: Foul Ball, location: 2F
1-2: Ball
2-2: Ball
3-2: Foul Ball, location: 2F
3-2: Foul Ball, location: 2F
3-2: Fly out, F9 (Flyball, 9LMF)
Batting: LHB Carlos Sánchez 0-0: Ball
1-0: Called Strike
1-1: Ball
2-1: Ball
3-1: Swinging Strike
3-2: Strikes out swinging
Batting: RHB Curt Rovira 0-0: Called Strike
0-1: Foul Ball, location: 2F
0-2: Ball
1-2: Strikes out swinging
Top of the 9th over - 0 runs, 0 hits, 0 errors, 0 left on base; Staten Island 2 - Franklin 5
Friday, March 29th, 2019 - OOTP Baseball 18.8 Build 76